woodfighter, chaotic female orcish Cavewoman ------------ `##################################%################ ..<........| -----------------.----.---.-----# |..........| #-..............................|# --.--------- +#############|.------|--------------..-----.|# # |.|....|..|...|....|..-..-.((|.|# ############..|....|..|...|... |..|..|.((|.|## |.--|-----|.).|+------|..|.((|.|# #.......|..|...|.|(.|..|..-----.|# ###|.----.|..|-|--.|..|..|[.......|# # |.|..-)-|--..{..-|-|..|.------M|# ### |.|..|....[........-|--[-....|.@## d --+------ # |.|----|--.----|--......|.._(|.| |........#### |.|..|...|.-..|.+|--|--------|.| |.......| |.|..|((.|.|..|.*|....|.#|...-.| |.......| |.|..|.((|.---|*?|....|..|...|.| --------- |.-|------..{.---------|------.| |..............................| -------------------------------- woodfighter the Young Cave Woman Experience level: 9 Strength: 18/06 Dexterity: 17 Constitution: 16 Intelligence: 7 Wisdom: 10 Charisma: 7 Health: 0(64) Energy: 32(32) Def: 9 Gold: 19 Moves: 10122 Dungeon seed: nKKgsW67Xj7ZbTc5 Game ID: woodfighter_1477171714 Your Inventory: Coins $ - 19 gold pieces Amulets j - an uncursed amulet of ESP u - an uncursed amulet of reflection (being worn) Weapons a - a +0 dwarvish spear (weapon in hand) b - a +2 sling (alternate weapon; not wielded) Armor f - a cursed -1 dwarvish cloak (being worn) n - an uncursed +0 dwarvish cloak o - a blessed +0 pair of iron shoes (being worn) p - an uncursed +0 pair of gauntlets of dexterity (being worn) F - an uncursed +0 orcish helm (being worn) J - a cursed +0 pair of gauntlets of dexterity N - an uncursed +0 dwarvish mithril-coat (being worn) Comestibles c - an uncursed tripe ration d - 5 uncursed food rations v - an uncursed lichen corpse z - an uncursed clove of garlic G - an uncursed sprig of wolfsbane Z - 2 uncursed lizard corpses Scrolls D - a cursed scroll of enchant weapon Rings U - an uncursed ring of fire resistance (on left hand) Wands O - a wand of digging (0:4) V - a wand of lightning (0:4) Tools s - an uncursed bag of holding y - an uncursed skeleton key B - an uncursed blindfold Q - an uncursed oil lamp (0:789) Gems e - 11 uncursed flints (in quiver) Contents of the bag of holding: an uncursed +0 cloak of invisibility an uncursed +0 mummy wrapping an uncursed lizard corpse an uncursed ring of levitation a [uncursed] brass lantern [0:1403] a [uncursed] oil lamp [0:1030] Spells and supernatural/magical abilities: Name Level Category Fail Memory W - pray for help -- divine ? -- Your skills at the end: Miscellaneous Skills bare handed combat [Basic] stealth [Skilled] Weapon Skills scimitar [Basic] club [Basic] spear [Expert] sling [Basic] Spellcasting Skills Final Attributes: You were piously aligned. You were fire resistant. You were poison resistant. Your writing hand was a little cramped from use. You were telepathic. You had infravision. You were stealthy. You were fast. You had reflection. You are dead. Vanquished creatures: 2 giant mimics 2 tengu an elf mummy 2 lynxes a leprechaun 3 lizards a giant spider an iron piercer a horse 3 gnome kings an orc mummy a Green-elf a werewolf a housecat 2 dwarf lords 2 water nymphs a dust vortex a raven a gnome mummy a snake an ape 2 human zombies a rope golem a soldier ant 3 quasits a baby crocodile 2 wood nymphs 4 rock piercers 5 fog clouds a violet fungus 6 gnome lords 4 gnomish wizards a black naga hatchling a guardian naga hatchling a ghoul a straw golem 4 giant ants 6 floating eyes a kitten 8 dwarves 2 homunculi 3 kobold lords 4 iguanas 14 hill orcs 2 rothes a jitterbug 2 giant bats 7 monkeys an orc zombie 2 dwarf zombies 2 werejackals 3 killer bees a coyote 4 gas spores 3 hobbits 2 acid blobs 5 geckos a hobgoblin 5 giant rats 2 cave spiders 2 brown molds 2 yellow molds 2 green molds 26 gnomes 10 garter snakes 7 manes 2 gnome zombies 4 jackals 4 foxes 2 kobolds 10 newts 5 goblins 4 sewer rats 11 grid bugs 8 bats 3 lichens 2 kobold zombies 253 creatures vanquished. Voluntary challenges: You did not cause conflict. You did not have reflection until turn 7817. You were not displaced. You had been an atheist until turn 2713. You used a wielded weapon 460 times, starting on turn 73. You did not apply a unicorn horn. You did not use plumbed fixtures. You did not drink any magical draughts. You read items or engraved 3 times, starting on turn 1133. You never genocided any monsters. You never polymorphed an object. You never changed form. You completed Sokoban on turn 7753, according to the rules. You used no wishes. You never split a pudding. You wrote Elbereth's name 1 time, starting on turn 9865. You never violated your personal moral code. Dungeon overview: The Dungeons of Doom: levels 1 to 10 Level 1 a fountain a long staircase Level 2 a fountain Level 3 (w) a fountain Level 4 an armor shop stairs to The Gnomish Mines Level 5 a fountain Level 6 (l) an altar to Anu Level 7 Level 8 some fountains Level 9 many fountains Level 10 stairs to Sokoban The Gnomish Mines: levels 5 to 8 Level 5 stairs to The Dungeons of Doom Level 6 Level 7 Level 8 <- You were here some shops, a temple to Anshar, a magic chest, some fountains, a sink Sokoban: levels 6 to 9 Level 6 a magic chest Level 7 Level 8 a fountain Level 9 an altar to Anshar, a magic chest stairs to The Dungeons of Doom History has recorded: On T:1 you entered the Dungeons of Doom to retrieve the Amulet of Yendor! On T:355 you reached level 2 of The Dungeons of Doom. On T:472 you reached level 3 of The Dungeons of Doom. On T:808 you reached level 4 of The Dungeons of Doom. On T:1102 you advanced to experience level 2. On T:1141 you reached level 1 of The Gnomish Mines. On T:1367 you reached level 5 of The Dungeons of Doom. On T:1457 you advanced to experience level 3. On T:1604 you advanced to experience level 4. On T:1651 you reached level 2 of The Gnomish Mines. On T:2495 you advanced to experience level 5. On T:2538 you reached level 6 of The Dungeons of Doom. On T:2774 you reached level 7 of The Dungeons of Doom. On T:3083 you reached level 8 of The Dungeons of Doom. On T:3862 you advanced to experience level 6. On T:4242 you prayed to Anshar. On T:4428 you reached level 9 of The Dungeons of Doom. On T:4998 you reached level 10 of The Dungeons of Doom. On T:5477 you advanced to experience level 7. On T:5506 you reached level 4 of Sokoban. On T:5636 you opened a magic chest. On T:5843 you reached level 3 of Sokoban. On T:5989 you prayed to Anshar. On T:6496 you reached level 2 of Sokoban. On T:6873 you reached level 1 of Sokoban. On T:7011 you advanced to experience level 8. On T:7753 you advanced to experience level 9. On T:7753 you entered the Sokoban zoo. On T:8769 you reached level 3 of The Gnomish Mines. On T:8994 you reached level 4 of The Gnomish Mines. On T:9133 you entered the Minetown temple On T:9861 you prayed to Anshar. Score breakdown: Gold: 19 ( 1 points) Experience: 9 levels ( 800 points) Exploration: 10 levels ( 270 points) Discoveries: 29 items ( 1450 points) Variety of kills: 77 monsters ( 2000 points) Major goal: finished Sokoban ( 1000 points) Survival: died (score multiplied by 3) Total score: 16563 Latest messages: The soldier ant misses. You jab the soldier ant! The soldier ant bites! The soldier ant stings! The soldier ant bites! The soldier ant misses. You kill the soldier ant! Thornton blocks your way. You see here a mummy wrapping. That door is closed. Where do you want to travel to? Milsent blocks your way. You hear someone cursing shoplifters. Where do you want to travel to? There are a few objects here. The lizard bites! You jab the lizard! (2x) The lizard just misses! You kill the lizard! There is a doorway here. You see here a lizard corpse. Z - an uncursed lizard corpse. You jab the ettin mummy! The ettin mummy scratches you! (2x) You die... Final status: Goodbye woodfighter the Cavewoman, killed by an ettin mummy... You died in The Gnomish Mines on dungeon level 8 with 16563 points, and 19 pieces of gold, after 10122 moves. You were level 9 with a maximum of 64 hit points when you died.